Workbook

Sheet Main
A1: =D4 & " TIME ITEM STATUS" -> N970TB TIME ITEM STATUS
A3: Make | C3: Model | D3: Registration | F3: Serial Number | H3: Date of Manufacture
A4: TBM | C4: 940 | D4: N970TB | F4: 1389 | H4: 44455
A6: P&WC | C6: PT6A-66D | F6: RV0738
A7: Hartzell | C7: HC-E5N-3C | F7: RJ597
A9: Aircraft Total Time: | C9: =C11+0 -> 1241.2 | D9: Landings: | E9: =I9 -> 863 | F9: Date: | G9: 46295 | H9: Cycles: | I9: 863
A11: Hobbs Time | C11: 1241.2 | D11: Avg/Year | E11: =(MAX(G13:G16)-MIN(G13:G16))/3 -> 182.73333 | F11: Hrs Last Yr | G11: =C9-LARGE(G13:G16,1) -> 0 | H11: Updated | I11: 46282
A13: Inspection Cycle: | C13: A+ | D13: Date: | E13: 45176 | F13: Time: | G13: 693 | H13: Cycles: | I13: 544 | J13: =I13/G13 -> 0.78499278
C14: B+ | D14: Date: | E14: 46290 | F14: Time: | G14: 1241.2 | H14: Cycles: | I14: 863 | J14: =I14/G14 -> 0.69529488
C15: A+ | D15: Date: | E15: 45912 | F15: Time: | G15: 1097.1 | H15: Cycles: | I15: 797 | J15: =I15/G15 -> 0.72646067
C16: C+ | D16: Date: | E16: 45552 | F16: Time: | G16: 910.2 | H16: Cycles: | I16: 713 | J16: =I16/G16 -> 0.78334432
A18: Last Inspection: | C18: B+ | D18: Date: | E18: 46290 | F18: Time: | G18: 1241.2 | H18: Cycles: | I18: 863 | J18: =I18/G18 -> 0.69529488
A19: Next Inspection: | C19: A | D19: Due At: | E19: =G18+200 -> 1441.2 | F19: Time Remaining: | H19: =(G18+200)-C9 -> 200
A20: Next Inspection: | C20: A+ | D20: Due At: | E20: =E18+365 -> 46655 | F20: Time Remaining: | H20: =E20-G9 -> 360
A22: ="Engine Details " &F6 -> Engine Details RV0738
A23: Total Time: | C23: =C9 -> 1241.2 | D23: Total Cycles: | F23: =I9 -> 863 | G23: Engine Oil | H23: 560
A24: HSI Completed: | D24: Engine Total Time: | G24: Engine Cycles
A25: Overhaul Completed: | D25: Engine Total Time: | G25: Engine Cycles | I25: 0
A26: TSHSI | B26: N/A | C26: CYSHSI: | D26: N/A | E26: Time to HSI | F26: =1750-C9 -> 508.8
A27: TSOH | B27: N/A | C27: CYSOH: | D27: N/A | E27: Time to OH | F27: =3500-C23 -> 2258.8
A29: ="Propeller Details "& F7 -> Propeller Details RJ597
A30: Total Time: | C30: =C9 -> 1241.2 | D30: Date of Manufacture
A31: New | C31: 44455 | D31: Overhaul Due | F31: =C31+2190 -> 46645 | G31: Days Remaining | I31: =F31-G9 -> 350
D32: Overhaul Due | F32: =C32+4000 -> 4000 | G32: Hours Remaining | I32: =F32-C9 -> 2758.8
A33: Time Since Overhaul | C33: =C30-C32 -> 1241.2

Sheet Time Items
B1: =Main!D4 & " 2026 " & Main!C20 -> N970TB 2026 A+
B3: Model | D3: S/N | F3: Total Time | H3: Hobbs | J3: Cycles | K3: Projected
B4: =Main!C4 -> 940 | D4: =Main!F4 -> 1389 | F4: =Main!C9 -> 1241.2 | H4: =Main!C11 -> 1241.2 | J4: =Main!I9 -> 863 | K4: =Main!G9 -> 46295
H5: Time to OH | J5: Time to HSI
B6: =Main!C6 -> PT6A-66D | D6: =Main!F6 -> RV0738 | F6: =Main!C23 -> 1241.2 | H6: =Main!F27 -> 2258.8 | J6: =Main!F26 -> 508.8 | K6: Updated
B7: =Main!C7 -> HC-E5N-3C | D7: =Main!F7 -> RJ597 | F7: =Main!C30 -> 1241.2 | H7: =Main!F31 -> 46645 | K7: =Main!I11 -> 46282
A9: ITEM | B9: Parts | C9: Hrs | D9: INTERVAL | F9: COMPLIED | H9: NEXT DUE | J9: TIME REMAIN
A10: Column1 | B10: Column2 | C10: Column3 | D10: Column5 | E10: Column6 | F10: Column7 | G10: Column8 | H10: Column9 | I10: Column10 | J10: Column11 | K10: Column12
A11: ="Comply with " & Main!C20 & " inspection." -> Comply with A+ inspection. | C11: {=_xlfn.IFS(Main!$C$20="A+",59,Main!$C$20="B+",71,Main!$C$20="C+",101)} -> 59 | D11: 0.6 | E11: Yr | F11: =Main!$E$18 -> 46290 | H11: =F11+365 -> 46655 | J11: =H11-Main!$G$9 -> 360 | K11: Days
A12: Perform compressor wash. | C12: 1.5 | D12: 0.62 | E12: Yr | F12: =Main!$E$18 -> 46290 | H12: =F12+365 -> 46655 | J12: =H12-Main!$G$9 -> 360 | K12: Days
A13: Comply with all applicable 1 year special inspections. | C13: 1.5 | D13: 0.63 | E13: Yr | F13: =Main!$E$18 -> 46290 | H13: =F13+365 -> 46655 | J13: =H13-Main!$G$9 -> 360 | K13: Days
A14: Comply with 1 year Auto-Throttle functional check. | C14: 0.5 | D14: 1 | E14: Yr | F14: =Main!$E$18 -> 46290 | H14: =F14+365 -> 46655 | J14: =H14-Main!$G$9 -> 360 | K14: Days
A15: Comply with 1 year Beta Ring and Carbon Block inspection. | C15: 0.5 | D15: 1 | E15: Yr | F15: =Main!$E$18 -> 46290 | H15: =F15+365 -> 46655 | J15: =H15-Main!$G$9 -> 360 | K15: Days
A16: Comply with 1 year fire extinguisher inspection. | C16: 0.5 | D16: 1 | E16: Yr | F16: =Main!$E$18 -> 46290 | H16: =F16+365 -> 46655 | J16: =H16-Main!$G$9 -> 360 | K16: Days
A17: Comply with 1 year gaseous oxygen system inspection. | C17: 0.5 | D17: 1 | E17: Yr | F17: =Main!$E$18 -> 46290 | H17: =F17+365 -> 46655 | J17: =H17-Main!$G$9 -> 360 | K17: Days
A18: Comply with 1 year main battery capacity check. | C18: 1.5 | D18: 1 | E18: Yr | F18: =Main!$E$18 -> 46290 | H18: =F18+365 -> 46655 | J18: =H18-Main!$G$9 -> 360 | K18: Days
A19: Comply with 2 year outflow and safety valve seat inspection | C19: 1 | D19: 2 | E19: Yr | F19: 45912 | H19: =$F19+730 -> 46642 | J19: =H19-Main!$G$9 -> 347 | K19: Days
A20: Comply with 2 year IFR/RVSM certification. | C20: 8.8 | D20: 2 | E20: Yr | F20: 45912 | H20: =$F20+730 -> 46642 | J20: =H20-Main!$G$9 -> 347 | K20: Days
A21: Comply with 2 year light weight data recorder operational check. | C21: 1 | D21: 2 | E21: Yr | F21: 46290 | H21: =$F21+730 -> 47020 | J21: =H21-Main!$G$9 -> 725 | K21: Days
A22: Comply with 3 year replacement of brake reservoir fluid. | C22: 1.5 | D22: 3 | E22: Yr | F22: 45552 | H22: =$F22+1095 -> 46647 | J22: =H22-Main!$G$9 -> 352 | K22: Days
A23: Comply with 3 year replacement of hydraulic system fluid. | C23: 1.5 | D23: 3 | E23: Yr | F23: 45552 | H23: =$F23+1095 -> 46647 | J23: =H23-Main!$G$9 -> 352 | K23: Days
A24: Comply with 3 year replacement of shimmy damper fluid. | C24: 2 | D24: 3 | E24: Yr | F24: 45552 | H24: =$F24+1095 -> 46647 | J24: =H24-Main!$G$9 -> 352 | K24: Days
A25: Comply with 4 year, 1,500 hour inspection of fuel strainers and flapper valves. | C25: 5 | D25: 4 | E25: Yr | F25: 45912 | H25: =$F25+1460 -> 47372 | J25: =H25-Main!$G$9 -> 1077 | K25: Days
A26: Comply with 5 year main battery replacement. | C26: 1.5 | D26: 5 | E26: Yr | F26: 45176 | H26: =$F26+1825 -> 47001 | J26: =H26-Main!$G$9 -> 706 | K26: Days
A27: Comply with 5 year oxygen bottle hydrostatic test. | C27: 3 | D27: 5 | E27: Yr | F27: 46290 | H27: =$F27+1825 -> 48115 | J27: =H27-Main!$G$9 -> 1820 | K27: Days
A28: Comply with 5 year landing gear long life inspection. | C28: 12 | D28: 5 | E28: Yr | F28: 46290 | H28: =$F28+1825 -> 48115 | J28: =H28-Main!$G$9 -> 1820 | K28: Days
A29: Comply with 6 year pilot oxygen mask overhaul. | C29: 0.5 | D29: 6 | E29: Yr | F29: 44285 | H29: =$F29+2190 -> 46475 | J29: =H29-Main!$G$9 -> 180 | K29: Days
A30: Comply with 6 year co-pilot oxygen mask overhaul. | C30: 0.5 | D30: 6 | E30: Yr | F30: 44316 | H30: =$F30+2190 -> 46506 | J30: =H30-Main!$G$9 -> 211 | K30: Days
A31: Comply with 6 year propeller overhaul. | C31: 5 | D31: 6 | E31: Yr | F31: 44455 | H31: =$F31+2190 -> 46645 | J31: =H31-Main!$G$9 -> 350 | K31: Days
A32: Comply with 6 year altimetric valve overhaul. | C32: 5 | D32: 6 | E32: Yr | F32: 44316 | H32: =$F32+2190 -> 46506 | J32: =H32-Main!$G$9 -> 211 | K32: Days
A33: Comply with 7 year nose gear actuator hinge pin securing bolt replacement. | C33: 2 | D33: 7 | E33: Yr | F33: 44455 | H33: =$F33+2555 -> 47010 | J33: =H33-Main!$G$9 -> 715 | K33: Days
A34: Comply with 10 year Air Total fire extinguisher overhaul. | D34: 10 | E34: Yr | F34: 44195 | H34: =$F34+3650 -> 47845 | J34: =H34-Main!$G$9 -> 1550 | K34: Days
A35: Comply with 10 year inspection of firewall. | C35: 2 | D35: 10 | E35: Yr | F35: 44455 | H35: =$F35+3650 -> 48105 | J35: =H35-Main!$G$9 -> 1810 | K35: Days
A36: Comply with 10 year landing gear long life inspection. | C36: 40 | D36: 10 | E36: Yr | F36: 44455 | H36: =$F36+3650 -> 48105 | J36: =H36-Main!$G$9 -> 1810 | K36: Days
A37: Comply with 10 year, 10,000 landing electro-hydraulic generator overhaul. | C37: 5 | D37: 10 | E37: Yr | F37: 44455 | H37: =$F37+3650 -> 48105 | J37: =H37-Main!$G$9 -> 1810 | K37: Days
A38: Comply with 10 year, 3,500 hour mechanical fuel pump overhaul. | C38: 3 | D38: 10 | E38: Yr | F38: 44455 | H38: =$F38+3650 -> 48105 | J38: =H38-Main!$G$9 -> 1810 | K38: Days
A39: Comply with 10 year, 5,000 landing gear actuator overhaul. Left | C39: 2 | D39: 10 | E39: Yr | F39: 44455 | H39: =$F39+3650 -> 48105 | J39: =H39-Main!$G$9 -> 1810 | K39: Days
A40: Comply with 10 year, 5,000 landing gear actuator overhaul. Nose | C40: 2 | D40: 10 | E40: Yr | F40: 44455 | H40: =$F40+3650 -> 48105 | J40: =H40-Main!$G$9 -> 1810 | K40: Days
A41: Comply with 10 year, 5,000 landing gear actuator overhaul. Right | C41: 2 | D41: 10 | E41: Yr | F41: 44455 | H41: =$F41+3650 -> 48105 | J41: =H41-Main!$G$9 -> 1810 | K41: Days
A42: Comply with 10 year, 6000 hour vertical inspection | C42: 14 | D42: 10 | E42: Yr | F42: 44455 | H42: =$F42+3650 -> 48105 | J42: =H42-Main!$G$9 -> 1810 | K42: Days
A43: Comply with 14 year, 6,000 hour horizontal, and upper fuselage structure inspection. | C43: 50 | D43: 14 | E43: Yr | F43: 44455 | H43: =$F43+5110 -> 49565 | J43: =H43-Main!$G$9 -> 3270 | K43: Days
A44: Comply with 14 year, 6,000 hour wing structure inspection. | C44: 50 | D44: 14 | E44: Yr | F44: 44455 | H44: =$F44+5110 -> 49565 | J44: =H44-Main!$G$9 -> 3270 | K44: Days
A45: Comply with 14 year pressurization hoses replacement. | C45: 30 | D45: 14 | E45: Yr | F45: 44455 | H45: =$F45+5110 -> 49565 | J45: =H45-Main!$G$9 -> 3270 | K45: Days
A46: Comply with 15 year oxygen bottle replacement. | C46: 3 | D46: 15 | E46: Yr | F46: 44346 | H46: =$F46+5475 -> 49821 | J46: =H46-Main!$G$9 -> 3526 | K46: Days
A47: Comply with 20 year Air Total fire extinguisher replacement. | D47: 20 | E47: Yr | F47: 44195 | H47: =$F47+7300 -> 51495 | J47: =H47-[1]Main!$H$6 -> 6592 | K47: Days
A48: Comply with 400 hour borescope inspection. | C48: 1.5 | D48: 400 | E48: Hr | F48: 1241.2 | G48: Hr | H48: =F48+D48 -> 1641.2 | I48: Hr | J48: =H48-Main!$C$9 -> 400 | K48: Hours
A49: Comply with 400 hour fuel manifold adapters inspection. | C49: 8 | D49: 400 | E49: Hr | F49: 1241.2 | G49: Hr | H49: =F49+D49 -> 1641.2 | I49: Hr | J49: =H49-Main!$C$9 -> 400 | K49: Hours
A50: Comply with 600 hour compressor belt replacement. | C50: 1 | D50: 600 | E50: Hr | F50: 1241.2 | G50: Hr | H50: =F50+D50 -> 1841.2 | I50: Hr | J50: =H50-Main!$C$9 -> 600 | K50: Hours
A51: Comply with 600 hour fuel unit filter replacement. | C51: 1 | D51: 600 | E51: Hr | F51: 910.2 | G51: Hr | H51: =F51+D51 -> 1510.2 | I51: Hr | J51: =H51-Main!$C$9 -> 269 | K51: Hours
A52: Comply with 600 hour standby generator belt replacement. | C52: 1.5 | D52: 600 | E52: Hr | F52: 1241.2 | G52: Hr | H52: =F52+D52 -> 1841.2 | I52: Hr | J52: =H52-Main!$C$9 -> 600 | K52: Hours
A53: Comply with 600 hour propeller coin tap test. | C53: 0.5 | D53: 600 | E53: Hr | F53: 910.2 | G53: Hr | H53: =F53+D53 -> 1510.2 | I53: Hr | J53: =H53-Main!$C$9 -> 269 | K53: Hours
A54: Comply with 600 hour inspection of standby generator brushes. | C54: 2 | D54: 600 | E54: Hr | F54: 1241.2 | G54: Hr | H54: =F54+D54 -> 1841.2 | I54: Hr | J54: =H54-Main!$C$9 -> 600 | K54: Hours
A55: Comply with 800 hour ice detection system inspection. | C55: 0.5 | D55: 800 | E55: Hr | F55: 910.2 | G55: Hr | H55: =F55+D55 -> 1710.2 | I55: Hr | J55: =H55-Main!$C$9 -> 469 | K55: Hours
A56: Comply with 1,000 landing left wheel overhaul. | C56: 2.5 | D56: 1000 | E56: Ld | G56: Ld | H56: =F56+D56 -> 1000 | I56: Ld | J56: =H56-Main!$I$9 -> 137 | K56: Landings
A57: Comply with 1,000 landing nose wheel overhaul. | C57: 3 | D57: 1000 | E57: Ld | G57: Ld | H57: =F57+D57 -> 1000 | I57: Ld | J57: =H57-Main!$I$9 -> 137 | K57: Landings
A58: Comply with 1,000 landing right wheel overhaul. | C58: 2.5 | D58: 1000 | E58: Ld | G58: Ld | H58: =F58+D58 -> 1000 | I58: Ld | J58: =H58-Main!$I$9 -> 137 | K58: Landings
A59: Comply with 1,000 hour oil filter replacement. | C59: 0.5 | D59: 1000 | E59: Hr | F59: 910.2 | G59: Hr | H59: =F59+D59 -> 1910.2 | I59: Hr | J59: =H59-Main!$C$9 -> 669 | K59: Hours
A60: Comply with 1,000 hour accessory gearbox inspection. | C60: 3 | D60: 1000 | E60: Hr | F60: 693 | G60: Hr | H60: =F60+D60 -> 1693 | I60: Hr | J60: =H60-Main!$C$9 -> 451.8 | K60: Hours
A61: Comply with 1,000 hour P3 filter replacement. | C61: 0.5 | D61: 1000 | E61: Hr | F61: 910.2 | G61: Hr | H61: =F61+D61 -> 1910.2 | I61: Hr | J61: =H61-Main!$C$9 -> 669 | K61: Hours
A62: Comply with 1,200 hour application of siccative oil in rudder shaft. | C62: 0.5 | D62: 1200 | E62: Hr | F62: 1241.2 | G62: Hr | H62: =F62+D62 -> 2441.2 | I62: Hr | J62: =H62-Main!$C$9 -> 1200 | K62: Hours
A63: Comply with 1,200 hour protection of external fittings. | C63: 2 | D63: 1200 | E63: Hr | F63: 1241.2 | G63: Hr | H63: =F63+D63 -> 2441.2 | I63: Hr | J63: =H63-Main!$C$9 -> 1200 | K63: Hours
A64: Comply with 1,200 hour propeller coin tap test. | C64: 1 | D64: 1200 | E64: Hr | F64: 1241.2 | G64: Hr | H64: =F64+D64 -> 2441.2 | I64: Hr | J64: =H64-Main!$C$9 -> 1200 | K64: Hours
A65: Comply with 1,200 hour vertical fin and horizontal stabilizer ultrasonic. | C65: 1 | D65: 1200 | E65: Hr | F65: 1241.2 | G65: Hr | H65: =F65+D65 -> 2441.2 | I65: Hr | J65: =H65-Main!$C$9 -> 1200 | K65: Hours
A66: Comply with 1,200 hour vertical fin, horizontal stabilizer, and flight control borescope and tap test inspection. | C66: 7 | D66: 1200 | E66: Hr | F66: 1241.2 | G66: Hr | H66: =F66+D66 -> 2441.2 | I66: Hr | J66: =H66-Main!$C$9 -> 1200 | K66: Hours
A67: Comply with 1,200 hour starter generator overhaul. | C67: 1.5 | D67: 1200 | E67: Hr | F67: 910.2 | G67: Hr | H67: =F67+D67 -> 2110.2 | I67: Hr | J67: =H67-Main!$C$9 -> 869 | K67: Hours
A68: Comply with 4 year, 1,500 hour inspection of fuel strainers and flapper valves. | C68: 5 | D68: 1500 | E68: Hr | F68: 1097.1 | G68: Hr | H68: =F68+D68 -> 2597.1 | I68: Hr | J68: =H68-Main!$C$9 -> 1355.9 | K68: Hours
A69: Comply with 1,750 hour engine hot section inspection. | C69: 50 | D69: 1750 | E69: Hr | G69: Hr | H69: =F69+D69 -> 1750 | I69: Hr | J69: =H69-Main!$C$9 -> 508.8 | K69: Hours
A70: Comply with 2,000 hour standby generator overhaul. | C70: 2 | D70: 2000 | E70: Hr | G70: Hr | H70: =F70+D70 -> 2000 | I70: Hr | J70: =H70-Main!$C$9 -> 758.8 | K70: Hours
A71: Comply with 2,100 hour oil cooler overhaul. | C71: 2 | D71: 2100 | E71: Hr | G71: Hr | H71: =F71+D71 -> 2100 | I71: Hr | J71: =H71-Main!$C$9 -> 858.8 | K71: Hours
A72: Comply with 2,400 hour safety valve filter replacement | C72: 1 | D72: 2400 | E72: Hr | G72: Hr | H72: =F72+D72 -> 2400 | I72: Hr | J72: =H72-Main!$C$9 -> 1158.8 | K72: Hours
A73: Comply with 3,000 hour inspection of large door framing. | C73: 2.5 | D73: 3000 | E73: Hr | G73: Hr | H73: =F73+D73 -> 3000 | I73: Hr | J73: =H73-Main!$C$9 -> 1758.8 | K73: Hours
A74: Comply with 10 year, 3,500 hour mechanical fuel pump overhaul. | C74: 3 | D74: 3500 | E74: Hr | G74: Hr | H74: =F74+D74 -> 3500 | I74: Hr | J74: =H74-Main!$C$9 -> 2258.8 | K74: Hours
A75: Comply with 3,500 hour engine overhaul. | D75: 3500 | E75: Hr | G75: Hr | H75: =F75+D75 -> 3500 | I75: Hr | J75: =H75-Main!$C$9 -> 2258.8 | K75: Hours
A76: Comply with 3,500 hour propeller governor overhaul. | D76: 3500 | E76: Hr | G76: Hr | H76: =F76+D76 -> 3500 | I76: Hr | J76: =H76-Main!$C$9 -> 2258.8 | K76: Hours
A77: Comply with 3,500 hour propeller overspeed governor overhaul. | D77: 3500 | E77: Hr | G77: Hr | H77: =F77+D77 -> 3500 | I77: Hr | J77: =H77-Main!$C$9 -> 2258.8 | K77: Hours
A78: Comply with 3,500 hour replacement of vibration isolators. | D78: 3500 | E78: Hr | G78: Hr | H78: =F78+D78 -> 3500 | I78: Hr | J78: =H78-Main!$C$9 -> 2258.8 | K78: Hours
A79: Comply with 10 year, 5,000 landing gear actuator overhaul. Left | C79: 2 | D79: 5000 | E79: Ld | G79: Ld | H79: =F79+D79 -> 5000 | I79: Ld | J79: =H79-Main!$I$9 -> 4137 | K79: Landing
A80: Comply with 10 year, 5,000 landing gear actuator overhaul. Nose | C80: 2 | D80: 5000 | E80: Ld | G80: Ld | H80: =F80+D80 -> 5000 | I80: Ld | J80: =H80-Main!$I$9 -> 4137 | K80: Landing
A81: Comply with 10 year, 5,000 landing gear actuator overhaul. Right | C81: 2 | D81: 5000 | E81: Ld | G81: Ld | H81: =F81+D81 -> 5000 | I81: Ld | J81: =H81-Main!$I$9 -> 4137 | K81: Landing
A82: Comply with 5,000 landing gear overhaul. Left | D82: 5000 | E82: Ld | G82: Ld | H82: =F82+D82 -> 5000 | I82: Ld | J82: =H82-Main!$E$9 -> 4137 | K82: Landings
A83: Comply with 5,000 landing gear overhaul. Nose | D83: 5000 | E83: Ld | G83: Ld | H83: =F83+D83 -> 5000 | I83: Ld | J83: =H83-Main!$E$9 -> 4137 | K83: Landings
A84: Comply with 5,000 landing gear overhaul. Right | D84: 5000 | E84: Ld | G84: Ld | H84: =F84+D84 -> 5000 | I84: Ld | J84: =H84-Main!$E$9 -> 4137 | K84: Landings
A85: Comply with 10 year, 6000 hour vertical inspection | C85: 14 | D85: 6000 | E85: Hr | G85: Hr | H85: =F85+D85 -> 6000 | I85: Hr | J85: =H85-Main!$C$9 -> 4758.8 | K85: Hours
A86: Comply with 14 year, 6,000 hour horizontal, and upper fuselage structure inspection. | C86: 50 | D86: 6000 | E86: Hr | G86: Hr | H86: =F86+D86 -> 6000 | I86: Hr | J86: =H86-Main!$C$9 -> 4758.8 | K86: Hours
A87: Comply with 14 year, 6,000 hour wing structure inspection. | C87: 50 | D87: 6000 | E87: Hr | G87: Hr | H87: =F87+D87 -> 6000 | I87: Hr | J87: =H87-Main!$C$9 -> 4758.8 | K87: Hours
A88: Comply with 6,000 hour Electric fuel pump replacement | C88: 3 | D88: 6000 | E88: Hr | G88: Hr | H88: =F88+D88 -> 6000 | I88: Hr | J88: =H88-Main!$C$9 -> 4758.8 | K88: Hours
A89: Comply with 10 year, 10,000 landing electro-hydraulic generator overhaul. | C89: 5 | D89: 10000 | E89: Ld | G89: Ld | H89: =F89+D89 -> 10000 | I89: Ld | J89: =H89-Main!$I$9 -> 9137 | K89: Landing
A92: Comply with left brake overhaul | D92: 3 | E92: Rep | G92: Rep | J92: =D92-F92 -> 3 | K92: Replaced
A93: Comply with right brake overhaul | D93: 3 | E93: Rep | G93: Rep | J93: =D93-F93 -> 3 | K93: Replaced
A95: Comply with 3 year Standby compass compensation. Not installed.

Sheet Due List
B1: =Main!D4 & " 2026 " & Main!C20 -> N970TB 2026 A+
B3: Model | D3: SN | F3: Total Time | H3: Hobbs | J3: Cycles | K3: Projected
B4: =Main!C4 -> 940 | D4: =Main!F4 -> 1389 | F4: =Main!C9 -> 1241.2 | H4: =Main!C11 -> 1241.2 | J4: =Main!E9 -> 863 | K4: =Main!G9 -> 46295
H5: OH Due | J5: HSI Due
B6: =Main!C6 -> PT6A-66D | D6: =Main!F6 -> RV0738 | F6: =Main!C23 -> 1241.2 | H6: =Main!F27 -> 2258.8 | J6: =Main!F26 -> 508.8 | K6: Updated
B7: =Main!C7 -> HC-E5N-3C | D7: =Main!F7 -> RJ597 | F7: =Main!C30 -> 1241.2 | H7: =Main!I31& " Days" -> 350 Days | K7: =Main!I11 -> 46282
A9: Description of Time Items and Special Inspections | B9: Parts | C9: Hrs | D9: Labor | F9: Outside Service | H9: Yes/No | I9: Notes
A10: {=_xlfn._xlws.FILTER('Time Items'!A11:C89,'Time Items'!J11:J89<=100)} -> #VALUE! | D10: =IFERROR(C10*175,"") -> 0 | I10: ="Estimated hrs flown "&Main!G11 -> Estimated hrs flown 0
D11: =IFERROR(C11*175,"") -> 0
D12: =IFERROR(C12*175,"") -> 0
D13: =IFERROR(C13*175,"") -> 0
D14: =IFERROR(C14*175,"") -> 0
D15: =IFERROR(C15*175,"") -> 0
D16: =IFERROR(C16*175,"") -> 0
D17: =IFERROR(C17*175,"") -> 0
D18: =IFERROR(C18*175,"") -> 0
D19: =IFERROR(C19*175,"") -> 0
D20: =IFERROR(C20*175,"") -> 0
D21: =IFERROR(C21*175,"") -> 0
D22: =IFERROR(C22*175,"") -> 0
... D44: =IFERROR(C44*175,"") -> 0
A45: Service Bulletins and AD's | D45: =IFERROR(C45*175,"") -> 0
A46: Comply with AD 2025-01-04. Drive Nut Threading Wear in Internal Actuator Flaps, IAW SB70-118 R3 | C46: 0.5 | D46: =IFERROR(C46*175,"") -> 87.5 | I46: Mandatory
A47: Comply with SB70-366-32 Main landing gear inspection. | C47: 1 | D47: =IFERROR(C47*175,"") -> 175 | I47: Mandatory records indicate N/A
A48: Comply with SB70-362-27 Flight control lock pins. Defective pins installed 9/2025 | C48: 1 | D48: =IFERROR(C48*175,"") -> 175 | I48: Recommended
A49: Comply with SB70-351-26-R1 Replacement of the fire extinguisher | D49: =IFERROR(C49*175,"") -> 0 | I49: N/A for non EU flights
A50: Comply with SL70-070-34 MD302 Standby attitude module software update (software version 1.1.3) | C50: 1 | D50: =IFERROR(C50*175,"") -> 175 | I50: Recommended
A51: Comply with SB70-339-32-R1 A14 Landing gear control unit upgrade | B51: 1200 | C51: 1 | D51: =IFERROR(C51*175,"") -> 175 | I51: Recommended
A52: Comply with SB70-260-57-R1 Aileron's brush removal. | C52: 3 | D52: =IFERROR(C52*175,"") -> 525 | I52: Recommended
D53: =IFERROR(C53*175,"") -> 0
D54: =IFERROR(C54*175,"") -> 0
D55: =IFERROR(C55*175,"") -> 0
A56: Discrepancies Found During Inspection | D56: =IFERROR(C56*175,"") -> 0
D57: =IFERROR(C57*175,"") -> 0
D58: =IFERROR(C58*175,"") -> 0
D59: =IFERROR(C59*175,"") -> 0
D60: =IFERROR(C60*175,"") -> 0
D61: =IFERROR(C61*175,"") -> 0
D62: =IFERROR(C62*175,"") -> 0
D63: =IFERROR(C63*175,"") -> 0
D64: =IFERROR(C64*175,"") -> 0
D65: =IFERROR(C65*175,"") -> 0
D66: =IFERROR(C66*175,"") -> 0
D67: =IFERROR(C67*175,"") -> 0
D68: =IFERROR(C68*175,"") -> 0
... D78: =IFERROR(C78*175,"") -> 0
A79: Total | B79: =SUM(B10:B78) -> 1200 | C79: =SUM(C10:C78) -> 7.5 | D79: =IFERROR(C79*175,"") -> 1312.5 | F79: =SUM(F11:F78) -> 0
A80: Grand Total | B80: =SUM(B79,D79:H79) -> 2512.5
A82: Rotable overhauled exchange parts are subject to over and above charges when sent in for overhaul.
A83: The maintenance labor rate for this facility is $175.00/hr.
A84: This estimate is valid for 30 days
A85: This estimate doesn't reflect sales tax, freight, tariffs, or core charges
A86: The invoice must be paid in full when the work has been completed on this aircraft, before this aircraft leaves this facility.
A88: Please sign and fax back to me at (765)289-7848
A89: Thank you for your time in this matter, if you have any questions feel free to call me at (765)289-7141 ext121
A90: Written by; Don Burris, Director of Maintenance, Muncie Aviation Company
A92: Authorization:________________________________

Sheet SB Master List
A1: Column3 | B1: Bulletin | C1: ATA | D1: TBM 940 N970TB DOM 9/16/2021 | E1: Column1 | F1: EASA AD | G1: FAA AD | H1: Category | I1: Date | J1: Column2 | K1: 1389 | L1: Complied | M1: Notes | N1: Modification No. | O1: Comply with | P1: Warranty | Q1: Parts | R1: Labor
B2: SL70-074-34 | C2: 34 | D2: Erroneous Pitot Probe Heating Status Indication | E2: #VALUE! | I2: 2026-05 | J2: #VALUE! | K2: G1000 NXi | L2: N/A | O2: ="Comply with "&B2&" "&D2 -> Comply with SL70-074-34 Erroneous Pitot Probe Heating Status Indication
B3: SL70-073-25 | C3: 25 | D3: ELT 406 AF KANNAD | E3: #VALUE! | F3: N/A | G3: N/A | I3: 2026-06 | J3: #VALUE! | K3: Kannad ELT p/n S1840501-01 or S1840501-04 | L3: N/A | O3: ="Comply with "&B3&" "&D3 -> Comply with SL70-073-25 ELT 406 AF KANNAD
B4: SL70-071-34 R1 | C4: 34 | D4: Weather Radar | H4: Optional | I4: 2026-03 | K4: 434 to 684 Nxi | L4: N/A | N4: N/A | O4: ="Comply with "&B4&" "&D4 -> Comply with SL70-071-34 R1 Weather Radar
B5: SL70-070-34 | C5: 34 | D5: MD302 Standby attitude module software update (software version 1.1.3) | I5: 2025-11 | K5: 910-960's | N5: N/A | O5: ="Comply with "&B5&" "&D5 -> Comply with SL70-070-34 MD302 Standby attitude module software update (software version 1.1.3) | P5: N | R5: 1
B6: SL70-069-72 | C6: 72 | D6: First-stage power turbine blade | F6: AD CF-2024-33 | G6: N/A | H6: Warning | I6: 2024-06 | L6: 45552 | N6: N/A | O6: ="Comply with "&B6&" "&D6 -> Comply with SL70-069-72 First-stage power turbine blade
B7: SL70-068-32 | C7: 32 | D7: Main wheel assembly P/N 40-489 rupture disc torque | F7: N/A | G7: N | I7: 2024-10 | K7: 205, S/N 240, and from S/N 244 to S/N 1532. Main landing gear wheel assembly from S/N 1000 to S/N 1524. | L7: 45912 | N7: N/A | O7: ="Comply with "&B7&" "&D7 -> Comply with SL70-068-32 Main wheel assembly P/N 40-489 rupture disc torque
B8: SL70-067-72 | C8: 72 | D8: Second-stage power turbine blade | F8: CF-2024-05-E | G8: N/A | H8: Warning | I8: 2024-02 | L8: 45350 | N8: N/A | O8: ="Comply with "&B8&" "&D8 -> Comply with SL70-067-72 Second-stage power turbine blade
B9: SL70-066-34-R4 | C9: 34 | D9: Retrofit of the GTX 345DR (Diversity) Transponder | E9: #VALUE! | F9: N/A | G9: N/A | I9: 2026-01 | K9: TBM 930, TBM 940 and TBM 960 | N9: N/A | O9: ="Comply with "&B9&" "&D9 -> Comply with SL70-066-34-R4 Retrofit of the GTX 345DR (Diversity) Transponder
B10: SIL PT6A-291 | D10: FCU overhaul leading to hung start. | H10: Recommended | I10: 2025-03 | K10: from S/N 1310 to S/N 1312 | L10: N/A | N10: N/A | O10: ="Comply with "&B10&" "&D10 -> Comply with SIL PT6A-291 FCU overhaul leading to hung start.
B11: SB70-366-32 | C11: 32 | D11: Main landing gear inspection. | E11: #VALUE! | H11: Mandatory | I11: 2026-08 | J11: #VALUE! | K11: All | L11: 46290 | O11: ="Comply with "&B11&" "&D11 -> Comply with SB70-366-32 Main landing gear inspection.
B12: SB70-362-27 | D12: Flight control lock pins | H12: Recommended | I12: 2026-05 | K12: 1340 to S/N 1634 with SB70-347-27 applied. 1 to S/N 1339 and from S/N 1635 and above with replaced between 7-2024 and 5-2026 | L12: 46290 | M12: SB70-347 9/12/2025 | N12: Modification No. MOD70-0897-27 | O12: ="Comply with "&B12&" "&D12 -> Comply with SB70-362-27 Flight control lock pins | Q12: 407541 | R12: 1
B13: SB70-360-21 | C13: 21 | D13: ECS Fans upgrade | E13: #VALUE! | F13: N/A | G13: N/A | H13: Recommended | I13: 2026-07 | J13: #VALUE! | K13: 1408-1625 | L13: N/A | O13: ="Comply with "&B13&" "&D13 -> Comply with SB70-360-21 ECS Fans upgrade
B14: SB70-359-92 | C14: 92 | D14: Installation of the flyback diode | E14: #VALUE! | F14: N/A | G14: N/A | H14: Recommended | I14: 2026-01 | K14: 1520 to S/N 1528 which have applied the SB70-342-92 & from S/N 1529 to S/N 1594 | L14: N/A | N14: MOD70-0873-92 Version A. | O14: ="Comply with "&B14&" "&D14 -> Comply with SB70-359-92 Installation of the flyback diode | P14: Y | Q14: OPT70K359-00 (Daher reference 7325700) | R14: 2
B15: SB70-358-92-R1 | C15: 92 | D15: Lift transducer improvement | F15: N/A | G15: N/A | H15: Recommended | I15: 2026-07 | K15: 930/940/960/980 1430 to S/N 1601 except S/N 1599. If stall was replaced 1111 to S/N 1429 and S/N 1599 and S/N 1602 and above only | L15: N/A | O15: ="Comply with "&B15&" "&D15 -> Comply with SB70-358-92-R1 Lift transducer improvement
B16: SB70-356-76 | D16: Replacement of E-pedestal control set | H16: Recommended | I16: 2025-03 | K16: 1558 to S/N 1576 except SN 1559 and S/N 1560 | L16: N/A | N16: N/A | O16: ="Comply with "&B16&" "&D16 -> Comply with SB70-356-76 Replacement of E-pedestal control set
B17: SB70-355-34 R1 | C17: 34 | D17: Garmin G1000 NXI GDU software version V20.98 (P/N 006-B4560-01) | E17: #VALUE! | F17: N/A | G17: N/A | H17: Recommended | I17: 2026-04 | K17: TBM 850 G1000 NXi aircraft from S/N 434 to S/N 684 which have GDU software version V20.80 (P/N 006-B3086-00) loaded through the application of SB70-247-34 in the latest revision. TBM 900 G1000 NXi aircraft S/N 687, from S/N 1000 to S/N 1049 which have GDU software version V20.80 (P/N 006-B3086-00) loaded through the application of SB70-247-34 in the latest revision and which have not applied the SB70-311-71 (“PT6A-66D ENGINE REPLACEMENT”). NOTE: For aircraft from S/N 434 to S/N 607, it is mandatory to have applied the SB70-276-34 (“GWX 68 wiring improvement”) before the application of this Service Bulletin. | L17: N/A | N17: MOD70-0258-00 Version K, MOD70-0539-00 Version N. | O17: ="Comply with "&B17&" "&D17 -> Comply with SB70-355-34 R1 Garmin G1000 NXI GDU software version V20.98 (P/N 006-B4560-01)
B18: SB70-353-34 R1 | C18: 34 | D18: GWX75 Weather Radar Installation | H18: Optional | I18: 2026-03 | K18: 434 to 684 Nxi | L18: N/A | N18: MOD70-0675-34 Version C | O18: ="Comply with "&B18&" "&D18 -> Comply with SB70-353-34 R1 GWX75 Weather Radar Installation
B19: SB70-352-34 R1 | C19: 34 | D19: “GWX8000 Weather Radar” Functions | H19: Optional | I19: 2026-03 | K19: 434 to 684 Nxi | L19: N/A | N19: MOD70-0675-34 Version B | O19: ="Comply with "&B19&" "&D19 -> Comply with SB70-352-34 R1 “GWX8000 Weather Radar” Functions
B20: SB70-351-26-R1 | C20: 26 | D20: Replacement of the fire extinguisher | E20: #VALUE! | H20: Recommended | I20: 2026-02 | K20: 1 to 1625 | N20: MOD70-0857-26 Versions A, B, C and D | O20: ="Comply with "&B20&" "&D20 -> Comply with SB70-351-26-R1 Replacement of the fire extinguisher | P20: N | Q20: 2200 | R20: 1
B21: SB70-348-28 | C21: 28 | D21: MT40 Fuel Pressure Transmitter Replacement | F21: N/A | G21: N/A | H21: Optional | I21: 2024-11 | K21: 1 to S/N 22 and from S/N 24 to S/N 92 which have applied the SB70-041-28. TBM aircraft S/N 23 and S/N 93 to S/N 684. | L21: N/A | N21: MOD70-0840-28 Version A. | O21: ="Comply with "&B21&" "&D21 -> Comply with SB70-348-28 MT40 Fuel Pressure Transmitter Replacement | Q21: TPT-DA-DX-AV-P100G36 | R21: 2
B22: SB70-347-27-R1 | C22: 27 | D22: Flight Control Lock Pins | E22: #VALUE! | F22: N/A | G22: N/A | H22: Recommended | I22: 2026-06 | J22: #VALUE! | K22: 1340-1392 | L22: Terminated | M22: 45912 | N22: N/A | O22: ="Comply with "&B22&" "&D22 -> Comply with SB70-347-27-R1 Flight Control Lock Pins
B23: SB70-346-24-R1 | D23: Replacement of circuit breaker amperage on the PL1 panel | H23: Recommended | I23: 2025-05 | K23: 1560 to S/N 1577 | L23: N/A | N23: MOD70-0820-33 Version F. | O23: ="Comply with "&B23&" "&D23 -> Comply with SB70-346-24-R1 Replacement of circuit breaker amperage on the PL1 panel | P23: If under | R23: 10
B24: SB70-345-46 | D24: TBM 960 Cas/synoptic | H24: Optional | I24: 2025-03 | K24: 1408-1559 with 7.4.2 loaded | L24: N/A | N24: MOD70-807-46 Version A | O24: ="Comply with "&B24&" "&D24 -> Comply with SB70-345-46 TBM 960 Cas/synoptic | P24: Y 1520-1559 | R24: 5
B25: SB70-344-34-R2 | D25: Garmin Software update 7.4.2 Rev 1 | H25: Recommended | I25: 2025-03 | K25: 1408 to 1559 | L25: N/A | N25: MOD70-0753-00 Version G. | O25: ="Comply with "&B25&" "&D25 -> Comply with SB70-344-34-R2 Garmin Software update 7.4.2 Rev 1 | P25: Y | R25: 5
B26: SB70-342-92-R1 | C26: 92 | D26: “ANCILL” switch on the PL12 panel for TBM 960 | E26: #VALUE! | F26: N/A | G26: N/A | H26: Recommended | I26: 2026-01 | K26: 1520 to S/N 1528. | L26: N/A | N26: MOD70−0832−92 Version C | O26: ="Comply with "&B26&" "&D26 -> Comply with SB70-342-92-R1 “ANCILL” switch on the PL12 panel for TBM 960 | P26: Y | Q26: Check SB | R26: 7.5
B27: SB70-341-92 | C27: 92 | D27: Electrical Sockets Replacement | F27: N/A | G27: N/A | H27: Recommended | I27: 2024-12 | K27: 1539 to S/N 1561 except S/N 1558 | L27: N/A | N27: N/A | O27: ="Comply with "&B27&" "&D27 -> Comply with SB70-341-92 Electrical Sockets Replacement
B28: SB70-340-32-R2 | C28: 32 | D28: Electro-Hydraulic Generator Plug Replacement | E28: #VALUE! | F28: N/A | G28: N/A | H28: Recommended | I28: 2026-07 | J28: #VALUE! | K28: TBM aircraft equipped with electro-hydraulic generator P/N CEN-S001672 and Serial Number (S/N) from S/N 12 to S/N 30, from S/N 32 to S/N 33, from S/N 35 to S/N 41, from S/N 45 to S/N 50, from S/N 52 to S/N 55, from S/N 57 to S/N 67, from S/N 69 to S/N 74, from S/N 76 to S/N 80. | L28: N/A | O28: ="Comply with "&B28&" "&D28 -> Comply with SB70-340-32-R2 Electro-Hydraulic Generator Plug Replacement
B29: SB70-339-32-R1 | C29: 32 | D29: A14 Landing gear control unit upgrade | E29: #VALUE! | F29: N/A | G29: N/A | H29: Recommended | I29: 2025-11 | K29: 1000 to 1520 | L29: 46290 | N29: MOD70-0836-32 Version A. | O29: ="Comply with "&B29&" "&D29 -> Comply with SB70-339-32-R1 A14 Landing gear control unit upgrade | Q29: 1200 | R29: 1
B30: SB70-337-76 | C30: 76 | D30: Pedestal control set improvement | F30: N/A | G30: N/A | H30: Recommended | I30: 2024-12 | K30: 687 to 1407 and S/N 1464 | L30: 45912 | N30: N/A | O30: ="Comply with "&B30&" "&D30 -> Comply with SB70-337-76 Pedestal control set improvement | R30: 1.5
B31: SB70-336-35 | C31: 35 | D31: TBM 960 Cockpit oxygen masks. | F31: N/A | G31: N/A | H31: Recommended | I31: 2025-04 | K31: 1546 to S/N 1550, from S/N 1553 to S/N 1558,from S/N 1560 to 1561. | L31: N/A | M31: Check table in SB | N31: N/A | O31: ="Comply with "&B31&" "&D31 -> Comply with SB70-336-35 TBM 960 Cockpit oxygen masks. | P31: Y | R31: 2
B32: SB70-335-34-R1 | C32: 34 | D32: Garmin G1000 NXi GDU Software version V20.98 (P/N 006-B4560-00) | F32: N/A | G32: N/A | H32: Recommended | I32: 2024-11 | K32: 1050 to S/N 1159. 1170 to S/N 1269. | L32: N/A | N32: MOD70-0258-00 Version K, MOD70-0539-00 Version L and Version M. | O32: ="Comply with "&B32&" "&D32 -> Comply with SB70-335-34-R1 Garmin G1000 NXi GDU Software version V20.98 (P/N 006-B4560-00) | R32: 8
B33: SB70-334-34-R3 | C33: 34 | D33: Retrofit of the GTX 345DR (Diversity) Transponder | E33: #VALUE! | F33: N/A | G33: N/A | H33: Optional | I33: 2026-01 | K33: 850's and up | N33: MOD70-0819-34 Versions B and C. | O33: ="Comply with "&B33&" "&D33 -> Comply with SB70-334-34-R3 Retrofit of the GTX 345DR (Diversity) Transponder
B34: SB70-333-53 | C34: 53 | D34: Windshield lower cover strip. | F34: N/A | G34: N/A | H34: Recommended | I34: 2025-10 | K34: 1 to S/N 1502. | L34: Suspended | M34: Suspended | O34: ="Comply with "&B34&" "&D34 -> Comply with SB70-333-53 Windshield lower cover strip.
B35: SB70-332-21-R1 | C35: 21 | D35: L10 Flow Control Valve Replacement in the Engine Bleed Air System | F35: N/A | G35: N/A | H35: Recommended | I35: 2023-12 | K35: 1408 to S/N 1476 | L35: N/A | N35: N/A | O35: ="Comply with "&B35&" "&D35 -> Comply with SB70-332-21-R1 L10 Flow Control Valve Replacement in the Engine Bleed Air System
B36: SB70-331-21 | C36: 21 | D36: Vapor Cycle System (VCS) Performance | F36: N/A | G36: N/A | H36: Recommended | I36: 2023-05 | K36: 1408 to S/N 1477 | L36: N/A | N36: MOD70-0811-21 Version A | O36: ="Comply with "&B36&" "&D36 -> Comply with SB70-331-21 Vapor Cycle System (VCS) Performance | R36: 5
B37: SB70-330-34-R1 | C37: 34 | D37: Garmin G3000 GDU Software “System Release 7.1.5” (GDU Version V32.01.40) (SW P/N 006-B4304-05) | F37: N/A | G37: N/A | H37: Recommended | I37: 2024-05 | K37: 1408 to S/N 1512 | L37: Suspended | N37: Suspended. Replaced by 70-344 | O37: ="Comply with "&B37&" "&D37 -> Comply with SB70-330-34-R1 Garmin G3000 GDU Software “System Release 7.1.5” (GDU Version V32.01.40) (SW P/N 006-B4304-05)
B38: SB70-329-33 | C38: 33 | D38: Halogen emergency light replacement. | F38: N/A | G38: N/A | H38: Optional | I38: 2025-04 | K38: 434 to S/N 1407. | N38: MOD70-0830-33 Version A. | O38: ="Comply with "&B38&" "&D38 -> Comply with SB70-329-33 Halogen emergency light replacement. | P38: N | Q38: 3300 | R38: 8
B39: SB70-328-24-R1 | C39: 24 | D39: Battery Discharging on TBM 960 Aircraft | F39: N/A | G39: N/A | H39: Recommended | I39: 2024-06 | K39: 1408 to S/N 1519 | L39: N/A | N39: MOD70−0827−92 ver B, MOD70−0760−46 ver C | O39: ="Comply with "&B39&" "&D39 -> Comply with SB70-328-24-R1 Battery Discharging on TBM 960 Aircraft
B40: SB70-327-27 | C40: 27 | D40: Replacement of the Control Wheel Elevator Trim Switch | F40: N/A | G40: N/A | H40: Recommended | I40: 2024-04 | K40: 1296 to S/N 1416 | L40: 45547 | N40: N/A | O40: ="Comply with "&B40&" "&D40 -> Comply with SB70-327-27 Replacement of the Control Wheel Elevator Trim Switch
B41: SB70-326-71-R1 | C41: 71 | D41: Replacement of the Inertial Separator (IPS) aft lever | F41: N/A | G41: N/A | H41: Recommended | I41: 2024-02 | K41: 687-1487 | L41: 45176 | N41: MOD70-0814-71 Version A | O41: ="Comply with "&B41&" "&D41 -> Comply with SB70-326-71-R1 Replacement of the Inertial Separator (IPS) aft lever
B42: SB70-324-34-R1 | C42: 34 | D42: Garmin G1000 NXi GDU Software version V20.97 (P/N 006-B2883-04) | F42: N/A | G42: N/A | H42: Recommended | I42: 2024-03 | K42: 910 aircraft from S/N 1270 | L42: N/A | N42: MOD70-0539-00 Version K. | O42: ="Comply with "&B42&" "&D42 -> Comply with SB70-324-34-R1 Garmin G1000 NXi GDU Software version V20.97 (P/N 006-B2883-04)
B43: SB70-322-22-R1 | C43: 22 | D43: GSM86 Servo Actuators Improvement | F43: N/A | G43: N/A | H43: Recommended | I43: 2024-02 | K43: 434-607, 608-1484 | L43: 45552 | N43: MOD70-0812-22 Version B | O43: ="Comply with "&B43&" "&D43 -> Comply with SB70-322-22-R1 GSM86 Servo Actuators Improvement
B44: SB70-321-21-R3 | C44: 21 | D44: Component replacements for the vapor cycle cooling system | F44: N/A | G44: N/A | H44: Optional | I44: 2026-05 | K44: 434 to S/N 1407. | L44: 45552 | M44: Daher NTO 9/22 Some pn different | N44: MOD70-789-21 Version B. | O44: ="Comply with "&B44&" "&D44 -> Comply with SB70-321-21-R3 Component replacements for the vapor cycle cooling system | Q44: OPT70K321-00
B45: SB70-320-25-R2 | C45: 25 | D45: TBM 960 Interior Improvement (Step 2) | E45: #VALUE! | F45: N/A | G45: N/A | H45: Optional | I45: 2026-02 | J45: #VALUE! | K45: 1408-1464 | L45: N/A | M45: Added s/n 1408 | N45: N/A | O45: ="Comply with "&B45&" "&D45 -> Comply with SB70-320-25-R2 TBM 960 Interior Improvement (Step 2)
B46: SB70-319-25-R1 | C46: 25 | D46: TBM 960 Interior improvement | E46: #VALUE! | F46: N/A | G46: N/A | H46: Optional | I46: 2026-02 | J46: #VALUE! | K46: 1408-1467 not 1464 | L46: N/A | M46: Added s/n 1408 | N46: N/A | O46: ="Comply with "&B46&" "&D46 -> Comply with SB70-319-25-R1 TBM 960 Interior improvement | P46: In W
B47: SB70-317-33 | C47: 33 | D47: Third Taxi/Landing Light | F47: N/A | G47: N/A | H47: Optional | I47: 2026-07 | K47: For aircraft S/N 1272, from S/N 1275 to S/N 1276, from S/N 1281 to S/N 1293 Kit OPT70K317-01. $1,510 For aircraft from S/N 1294 to S/N 1296, from S/N 1298 to S/N 1304, from S/N 1306 to S/N 1335, from S/N 1337 to S/N 1387, from S/N 1389 to S/N 1395, from S/N 1397 to S/N 1519 except 1409 Kit OPT70K317-00 $4,990 For aircraft S/N 1409 and from S/N 1520 to S/N 1559 Kit OPT70K317-02 $4,880 | L47: N/A | M47: roughly 1272 to 1559 | O47: ="Comply with "&B47&" "&D47 -> Comply with SB70-317-33 Third Taxi/Landing Light
B48: SB70-316-23 | C48: 23 | D48: CPDLC (Controller Pilot Data Link Communications) Option for the TBM 960 | F48: N/A | G48: N/A | H48: Optional | I48: 2023-06 | K48: from S/N 1408 | L48: N/A | N48: MOD70-0722-23 Version I | O48: ="Comply with "&B48&" "&D48 -> Comply with SB70-316-23 CPDLC (Controller Pilot Data Link Communications) Option for the TBM 960
B49: SB70-315-23-R1 | C49: 23 | D49: CPDLC (Controller Pilot Data Link Communications) Option Enablement Cards | F49: N/A | G49: N/A | H49: Optional | I49: 2023-06 | K49: 940's 1272 to 9999 | N49: MOD70-0722-23 several Versions | O49: ="Comply with "&B49&" "&D49 -> Comply with SB70-315-23-R1 CPDLC (Controller Pilot Data Link Communications) Option Enablement Cards
B50: SB70-314-34-R2 | C50: 34 | D50: GARMIN G3000 GDU Software Version V21.60 (SW P/N 006-B3518-06) | F50: N/A | G50: N/A | H50: Recommended | I50: 2023-12 | K50: 1272 to 1369 plus 1371 | L50: N/A | N50: MOD70-0649-00 Version I. | O50: ="Comply with "&B50&" "&D50 -> Comply with SB70-314-34-R2 GARMIN G3000 GDU Software Version V21.60 (SW P/N 006-B3518-06)
B51: SB70-313-23 | C51: 23 | D51: CPDLC (Controller Pilot Data Link Communications) Option | F51: N/A | G51: N/A | H51: Optional | I51: 2021-06 | K51: 940's N, 1272 to 9999 | L51: N/A | N51: MOD70-0564-31 Version D, MOD70-0722-23 Version A | O51: ="Comply with "&B51&" "&D51 -> Comply with SB70-313-23 CPDLC (Controller Pilot Data Link Communications) Option
B52: SB70-312-34-R1 | C52: 34 | D52: Garmin G3000 GDU Software Version V32.01.20 (SW P/N 006-B4304-04) | F52: N/A | G52: N/A | H52: Recommended | I52: 2023-03 | L52: N/A | N52: MOD70-0753-00 Version D | O52: ="Comply with "&B52&" "&D52 -> Comply with SB70-312-34-R1 Garmin G3000 GDU Software Version V32.01.20 (SW P/N 006-B4304-04)
B53: SB70-311-71 | C53: 71 | D53: PT6A-66D engine replacement | F53: N/A | G53: N/A | H53: Optional | I53: 2021-06 | K53: 1000 to 1049, 687 PT6 bld spec 1323 | L53: N/A | N53: MOD70-0327-79 Version A, MOD70-0439-79 Version B and MOD70-0440-72 Version A | O53: ="Comply with "&B53&" "&D53 -> Comply with SB70-311-71 PT6A-66D engine replacement
B54: SB70-310-24-R1 | C54: 24 | D54: Starter-Generator | F54: N/A | G54: N/A | H54: Recommended | I54: 2024-05 | K54: 687 to S/N 1404 | L54: 45552 | N54: N/A | O54: ="Comply with "&B54&" "&D54 -> Comply with SB70-310-24-R1 Starter-Generator
B55: SB70-308-28 | D55: Fuel unit electrical actuator non-conformity. | H55: Recommended | I55: 2025-04 | K55: 1195, S/N 1201, 1202, 1207, 1209, 1212, 1217, from S/N 1224 to S/N 1226, 1310 to S/N 1312 | L55: N/A | M55: 910's-930's-940's | N55: N/A | O55: ="Comply with "&B55&" "&D55 -> Comply with SB70-308-28 Fuel unit electrical actuator non-conformity. | P55: Y | Q55: Fuel unit actuator Daher re No. 5052848. p/n D97J00-603 qty 1 | R55: 2
B56: SB70-305-25 | C56: 25 | D56: Window shades | F56: N/A | G56: N/A | H56: Optional | I56: 2021-05 | K56: 940-910's 1270 to 1338 | L56: N/A | N56: MOD70-0727-25 Version A | O56: ="Comply with "&B56&" "&D56 -> Comply with SB70-305-25 Window shades
B57: SB70-304-25 | C57: 25 | D57: Emergency Exit Door Opening | F57: EASA 2022-0149 | G57: 45242 | H57: Mandatory | I57: 2022-07 | K57: 434 to 1424 except S/N 1408 and 1420 | L57: 45176 | N57: MOD70-0793-25 Version A, B or C | O57: ="Comply with "&B57&" "&D57 -> Comply with SB70-304-25 Emergency Exit Door Opening
B58: SB70-303-53 | C58: 53 | D58: Frame C17 water accumulation | F58: N/A | G58: N/A | H58: Recommended | I58: 2021-02 | K58: 1308 to 1321 | L58: N/A | N58: N/A | O58: ="Comply with "&B58&" "&D58 -> Comply with SB70-303-53 Frame C17 water accumulation
B59: SB70-302-25-R2 | C59: 25 | D59: Seatbelt Buckle Positioner Installation for the Pilot’s seat and the R.H. station seat | F59: N/A | G59: N/A | H59: Optional | I59: 2024-09 | K59: 205, 240 and 244 to 1407 | M59: Declined 2025 | N59: MOD70-0754-25 Version A, B, C or D | O59: ="Comply with "&B59&" "&D59 -> Comply with SB70-302-25-R2 Seatbelt Buckle Positioner Installation for the Pilot’s seat and the R.H. station seat | Q59: 300 | R59: 1
B60: SB70-301-31 | C60: 31 | D60: Fast™ Data Collection and Transmission box 4G technology | F60: N/A | G60: N/A | H60: Recommended | I60: 2021-09 | K60: 1216 to 1347,1166, 1174 and 1351 | L60: N/A | N60: MOD70-0578-31 Version D | O60: ="Comply with "&B60&" "&D60 -> Comply with SB70-301-31 Fast™ Data Collection and Transmission box 4G technology
B61: SB70-300-21-R2 | C61: 21 | D61: Air conditioning system electrical protection | F61: N/A | G61: N/A | H61: Recommended | I61: 2022-01 | K61: 437-1316, -479 | L61: N/A | N61: MOD70-0704-21 Version B | O61: ="Comply with "&B61&" "&D61 -> Comply with SB70-300-21-R2 Air conditioning system electrical protection | Q61: 44 | R61: 1
B62: SB70-299-24-R1 | C62: 24 | D62: G2 Alternator non-conformity | F62: N/A | G62: N/A | H62: Recommended | I62: 2021-11 | K62: 1322 to 1364 | L62: N/A | N62: N/A | O62: ="Comply with "&B62&" "&D62 -> Comply with SB70-299-24-R1 G2 Alternator non-conformity
B63: SB70-298-23 | C63: 23 | D63: E1 Antenna (COM 1) installation non conformity | F63: N/A | G63: N/A | H63: Recommended | I63: 2021-09 | K63: 276 to 503 | L63: N/A | N63: N/A | O63: ="Comply with "&B63&" "&D63 -> Comply with SB70-298-23 E1 Antenna (COM 1) installation non conformity | R63: 1
B64: SB70-297-33-R1 | C64: 33 | D64: Ice LED unit | F64: N/A | G64: N/A | H64: Optional | I64: 2021-08 | K64: 1 to 1157 | L64: N/A | N64: MOD70-0490-33 Version C | O64: ="Comply with "&B64&" "&D64 -> Comply with SB70-297-33-R1 Ice LED unit
B65: SB70-296-33-R2 | C65: 33 | D65: Strobe and navigation LED units | F65: N/A | G65: N/A | H65: Optional | I65: 2024-05 | K65: 1 to 684 | L65: N/A | N65: MOD70−0490−33 Version B. | O65: ="Comply with "&B65&" "&D65 -> Comply with SB70-296-33-R2 Strobe and navigation LED units | Q65: 4022.65 | R65: 6
B66: SB70-295-34-R1 | C66: 34 | D66: GARMIN G3000 high resolution display, GDU software V20.94 (P/N 006-B3136-04) | F66: N/A | G66: N/A | H66: Recommended | I66: 2022-01 | K66: 1216-1266 | L66: N/A | N66: MOD70-0549-00 Version G | O66: ="Comply with "&B66&" "&D66 -> Comply with SB70-295-34-R1 GARMIN G3000 high resolution display, GDU software V20.94 (P/N 006-B3136-04)
B67: SB70-294-77 | C67: 77 | D67: Improved reliability of propeller speed (Np) and compressor speed (Ng) indication | F67: N/A | G67: N/A | H67: Recommended | I67: 2020-11 | K67: 1270 to 1336, 1216 to 1348 (except 1322) | L67: N/A | N67: MOD70-0715-77 Version C | O67: ="Comply with "&B67&" "&D67 -> Comply with SB70-294-77 Improved reliability of propeller speed (Np) and compressor speed (Ng) indication
B68: SB70-293-34 | C68: 34 | D68: Visual approach guidance feature for G1000 NXi aircraft | F68: N/A | G68: N/A | H68: Optional | I68: 2020-12 | K68: 434 to 1159, 1170 to 1269 | L68: N/A | N68: MOD70-0734-34 Version A | O68: ="Comply with "&B68&" "&D68 -> Comply with SB70-293-34 Visual approach guidance feature for G1000 NXi aircraft
B69: SB70-292-00-R4 | C69: 0 | D69: HomeSafe system retrofit for TBM 940 delivered without provisions | F69: N/A | G69: N/A | H69: Recommended | I69: 2023-04 | K69: 1272-1315, -1287,1289,1290 | L69: N/A | N69: MOD70-0649-00 Version G, MOD70-0650-34 Versions A, B, F, H, K and L and MOD70-0711-00 Version A, B, C, E and F. | O69: ="Comply with "&B69&" "&D69 -> Comply with SB70-292-00-R4 HomeSafe system retrofit for TBM 940 delivered without provisions
B70: SB70-291-00-R1 | C70: 0 | D70: HomeSafe system installation for TBM 940 delivered with provision 2 | F70: N/A | G70: N/A | H70: Recommended | I70: 2020-09 | K70: 1328 to 1332 and 1335 | L70: N/A | N70: MOD70-0649-00 Version G and MOD70-0650-34 Versions A, B, H and J | O70: ="Comply with "&B70&" "&D70 -> Comply with SB70-291-00-R1 HomeSafe system installation for TBM 940 delivered with provision 2
B71: SB70-290-00-R2 | C71: 0 | D71: HomeSafe system installation for TBM 940 delivered with provision 1 | F71: N/A | G71: N/A | H71: Recommended | I71: 2020-11 | K71: 1325-1332 +1335 | L71: N/A | N71: MOD70-0649-00 Version G, MOD70-0650-34, MOD70-0711-00 Version E and F | O71: ="Comply with "&B71&" "&D71 -> Comply with SB70-290-00-R2 HomeSafe system installation for TBM 940 delivered with provision 1
B72: SB70-289-34-R1 | C72: 34 | D72: GARMIN G3000 GDU Software Version V21.45.1 (SW P/N 006-B3518-04) | F72: N/A | G72: N/A | H72: Recommended | I72: 2021-02 | K72: 1272 to 1335 -1322, 1333 and 1334 | L72: N/A | N72: MOD70-0649-00 Versions F | O72: ="Comply with "&B72&" "&D72 -> Comply with SB70-289-34-R1 GARMIN G3000 GDU Software Version V21.45.1 (SW P/N 006-B3518-04)
B73: SB70-288-30-R1 | C73: 30 | D73: A13 auto-ice box P/N CAIB20-07 | F73: N/A | G73: N/A | H73: Recommended | I73: 2020-09 | K73: 1270 to 1321, 1323 to 1331 and 1335 | L73: N/A | N73: MOD70-0570-30 Version D | O73: ="Comply with "&B73&" "&D73 -> Comply with SB70-288-30-R1 A13 auto-ice box P/N CAIB20-07
B74: SB70-287-46-R1 | C74: 46 | D74: Flight Stream 510 option for 2016 and 2017 TBM G3000 aircraft | F74: N/A | G74: N/A | H74: Optional | I74: 2020-09 | K74: 1111 to 1204 | L74: N/A | N74: MOD70-0547-46 Version C | O74: ="Comply with "&B74&" "&D74 -> Comply with SB70-287-46-R1 Flight Stream 510 option for 2016 and 2017 TBM G3000 aircraft
B75: SB70-286-34-R9 | C75: 34 | D75: ”Turbulence Detection” and ”Ground Clutter Suppression” options for TBM G3000 aircraft | F75: N/A | G75: N/A | H75: Optional | I75: 2021-05 | K75: 930 aircraft S/N 1115, 1121, 1129, 1130, 1134, 1139, 1152, 1155, 1163, 1164, 1175, 1191 and 1198 | L75: N/A | N75: MOD70-0651-34 Version A | O75: ="Comply with "&B75&" "&D75 -> Comply with SB70-286-34-R9 ”Turbulence Detection” and ”Ground Clutter Suppression” options for TBM G3000 aircraft
B76: SB70-285-34-R11 | C76: 34 | D76: SurfaceWatch option for 2016 and 2017 TBM G3000 aircraft | F76: N/A | G76: N/A | H76: Optional | I76: 2021-10 | K76: 930 aircraft S/N 1115, 1121, 1124, 1129, 1130, 1134, 1135, 1139, 1152, 1155, 1163, 1164, 1175, 1191, 1195,1198 | L76: N/A | N76: MOD70-0566-34 Version A | O76: ="Comply with "&B76&" "&D76 -> Comply with SB70-285-34-R11 SurfaceWatch option for 2016 and 2017 TBM G3000 aircraft
B77: SB70-284-34 | C77: 34 | D77: GTX 345R transponder retrofit for TBM 930 | F77: N/A | G77: N/A | H77: Optional | I77: 2020-07 | K77: 1111 to 1158 | L77: N/A | N77: MOD70-0542-34 Version Y or Version Z | O77: ="Comply with "&B77&" "&D77 -> Comply with SB70-284-34 GTX 345R transponder retrofit for TBM 930
... B79: SB70-282-34-R1 | C79: 34 | D79: GARMIN G3000 GDU software version 20.92 (P/N 006-B2234-06) | F79: N/A | G79: N/A | H79: Recommended | I79: 2020-10 | K79: 1111 to 1204 | L79: N/A | N79: MOD70-549-00 Version E, MOD70-0552-92 Version C, MOD70-0459-46 Version F, MOD70-0719-34 Version A, MOD70-0542-34 Version AA or AB and optionally MOD70-0542-34 Version AC and/or AD. | O79: ="Comply with "&B79&" "&D79 -> Comply with SB70-282-34-R1 GARMIN G3000 GDU software version 20.92 (P/N 006-B2234-06)
B80: SB70-281-21-R2 | C80: 21 | D80: Gas controller upgrade | F80: N/A | G80: N/A | H80: Recommended | I80: 2020-07 | K80: 434 to 1097, 1098 to 1316, except S/N 1134 | L80: N/A | N80: MOD70-0689-21 Version B or C | O80: ="Comply with "&B80&" "&D80 -> Comply with SB70-281-21-R2 Gas controller upgrade | Q80: 10 | R80: 2
B81: SB70-280-42 | C81: 42 | D81: A10 Electronic card box | H81: Recommended | I81: 2020-01 | K81: 1294 to 1299 | L81: N/A | N81: MOD70-0670-92 Version B | O81: ="Comply with "&B81&" "&D81 -> Comply with SB70-280-42 A10 Electronic card box
B82: SB70-279-35-R1 | C82: 35 | D82: Pilot and R.H. station gaseous oxygen masks | F82: N/A | G82: N/A | H82: Recommended | I82: 2020-11 | K82: 1 to 243, 244 to 433 | L82: N/A | N82: MOD70-0714-35 Version A | O82: ="Comply with "&B82&" "&D82 -> Comply with SB70-279-35-R1 Pilot and R.H. station gaseous oxygen masks
B83: SB70-278-57 | C83: 57 | D83: Winglets wiring routing | F83: N/A | G83: N/A | H83: Recommended | I83: 2021-03 | K83: 687 to 1356 | L83: N/A | N83: MOD70-0738-92 Version A | O83: ="Comply with "&B83&" "&D83 -> Comply with SB70-278-57 Winglets wiring routing
B84: SB70-277-25-R3 | C84: 25 | D84: Retrofit of airbag system | F84: N/A | G84: N/A | H84: Optional | I84: 2024-02 | K84: 910,930 and 940's w/o airbags | L84: N/A | N84: MOD70-0388-25 Version C or D and MOD70-0683-25 version H. | O84: ="Comply with "&B84&" "&D84 -> Comply with SB70-277-25-R3 Retrofit of airbag system
B85: SB70-276-34-R2 | C85: 34 | D85: GWX 68 wiring improvement | E85: #VALUE! | F85: N/A | G85: N/A | H85: Optional | I85: 2025-12 | K85: 434 to S/N 607. Check SB for specfic s/n's | L85: N/A | N85: MOD70-0700-34 | O85: ="Comply with "&B85&" "&D85 -> Comply with SB70-276-34-R2 GWX 68 wiring improvement
B86: SB70-274-34 | C86: 34 | D86: Data loading to upgrade "ECTM" script files (version 3.1) on SD card | F86: N/A | G86: N/A | H86: Optional | I86: 2019-10 | K86: 1275, 1281, 1287, 1289, 1290 and 1291 | L86: N/A | O86: ="Comply with "&B86&" "&D86 -> Comply with SB70-274-34 Data loading to upgrade "ECTM" script files (version 3.1) on SD card
B87: SB70-273-77 | C87: 77 | D87: ITT indication hysteresis update | F87: N/A | G87: N/A | H87: Recommended | I87: 2019-10 | K87: 1272 to 1299 | L87: N/A | O87: ="Comply with "&B87&" "&D87 -> Comply with SB70-273-77 ITT indication hysteresis update
B88: SB70-272-30 | C88: 30 | D88: "AUTOMODE", "PITOT L/R & STALL HTR" AND "INERT SEP" switches | F88: N/A | G88: N/A | H88: Recommended | I88: 2019-08 | K88: 1270 and 1272 to 1287 | L88: N/A | O88: ="Comply with "&B88&" "&D88 -> Comply with SB70-272-30 "AUTOMODE", "PITOT L/R & STALL HTR" AND "INERT SEP" switches
B89: SB70-271-21-R1 | C89: 21 | D89: "DUMP" and "MICRO/MASK" switches | F89: EASA AD 2019-0306 | G89: 2021-24-13 | H89: Mandatory | I89: 2019-11 | K89: 1106 to 1287 | L89: N/A | O89: ="Comply with "&B89&" "&D89 -> Comply with SB70-271-21-R1 "DUMP" and "MICRO/MASK" switches
B90: SB70-270-52 | C90: 52 | D90: Pilot door thermal insulation (composite handle and pushbutton) | F90: N/A | G90: N/A | H90: Optional | I90: 2019-11 | K90: up to S/N 1269 | L90: N/A | O90: ="Comply with "&B90&" "&D90 -> Comply with SB70-270-52 Pilot door thermal insulation (composite handle and pushbutton)
B91: SB70-269-34-R2 | C91: 34 | D91: Autothrottle and S.E.I, software version 21.25 (P/N 006-B3518-01) | F91: N/A | G91: N/A | H91: Recommended | I91: 2019-10 | K91: 1272 to 1299 | L91: N/A | O91: ="Comply with "&B91&" "&D91 -> Comply with SB70-269-34-R2 Autothrottle and S.E.I, software version 21.25 (P/N 006-B3518-01)
B92: SB70-268-77 | C92: 77 | D92: NP and NG signals stability | F92: N/A | G92: N/A | H92: Recommended | I92: 2019-05 | K92: 1270, 1271, 1273 and 1274 | L92: N/A | O92: ="Comply with "&B92&" "&D92 -> Comply with SB70-268-77 NP and NG signals stability
B93: SB70-267-25 | C93: 25 | D93: Coat hook installation | F93: N/A | G93: N/A | H93: Optional | I93: 2019-09 | K93: 434 to 1169 | L93: N/A | O93: ="Comply with "&B93&" "&D93 -> Comply with SB70-267-25 Coat hook installation
B94: SB70-266-31-R2 | C94: 31 | D94: SIM card for Fastbox | F94: N/A | G94: N/A | H94: Recommended | I94: 2021-05 | K94: 1174, 1216 to 1246 | L94: N/A | N94: N/A | O94: ="Comply with "&B94&" "&D94 -> Comply with SB70-266-31-R2 SIM card for Fastbox
B95: SB70-265-34 | C95: 34 | D95: Emergency descent mode upgrade | F95: N/A | G95: N/A | H95: Recommended | I95: 2019-05 | K95: All G1000, Nxi, and G3000 | L95: N/A | O95: ="Comply with "&B95&" "&D95 -> Comply with SB70-265-34 Emergency descent mode upgrade
B96: SB70-264-34 | C96: 34 | D96: PFDs flickering | F96: N/A | G96: N/A | H96: Optional | I96: 2019-02 | K96: 1172 to 1223 | L96: N/A | O96: ="Comply with "&B96&" "&D96 -> Comply with SB70-264-34 PFDs flickering
B97: SB70-263-31-R2 | C97: 31 | D97: A20 Aural Warning Box | F97: N/A | G97: N/A | H97: Optional | I97: 2022-09 | K97: 1 to 433 | L97: N/A | N97: MOD70-0653-31 Version A | O97: ="Comply with "&B97&" "&D97 -> Comply with SB70-263-31-R2 A20 Aural Warning Box
B98: SB70-262-24 | C98: 24 | D98: QAD mounting non conformity | F98: N/A | G98: N/A | H98: Recommended | I98: 2019-03 | K98: 687 to 1215 | L98: N/A | O98: ="Comply with "&B98&" "&D98 -> Comply with SB70-262-24 QAD mounting non conformity
B99: SB70-261-23 | C99: 23 | D99: Aural alerts and ATC audio on passenger headsets | F99: N/A | G99: N/A | H99: Optional | I99: 2018-11 | K99: 687 to 1265 | L99: N/A | O99: ="Comply with "&B99&" "&D99 -> Comply with SB70-261-23 Aural alerts and ATC audio on passenger headsets
B100: SB70-260-57-R1 | C100: 57 | D100: Aileron's brush removal. | F100: N/A | G100: N/A | H100: Recommended | I100: 2025-09 | K100: 687, 1000 to 1589 | L100: 46290 | N100: MOD70-0642-57 Version C | O100: ="Comply with "&B100&" "&D100 -> Comply with SB70-260-57-R1 Aileron's brush removal. | P100: If under | R100: 3
B101: SB70-259-32 | C101: 32 | D101: Landing gear control unit (A14 box) | F101: N/A | G101: N/A | H101: Recommended | I101: 2019-04 | K101: 1 to 32, 34, 36 to 76, 79, 81 to 92, 96 to 98, 101, 102, 107 | L101: N/A | O101: ="Comply with "&B101&" "&D101 -> Comply with SB70-259-32 Landing gear control unit (A14 box)
...
